 Dungeon Crawl Stone Soup version 0.31-a0-949-g57150269e1 (webtiles) character file.

Game seed: 285508476194259249

4061 pokeman the Thaumaturge (level 10, -3/56 HPs)
             Began as a Deep Elf Hedge Wizard on Oct 21, 2023.
             Was a Follower of Vehumet.
             Killed from afar by a manticore (12 damage)
             ... with a volley of spikes
             ... on level 7 of the Dungeon.
             The game lasted 00:19:43 (8263 turns).

pokeman the Thaumaturge (Deep Elf Hedge Wizard)     Turns: 8263, Time: 00:19:44

Health: -3/56      AC:  4    Str:  7    XL:     10   Next: 5%
Magic:  19/28      EV: 13    Int: 24    God:    Vehumet [*.....]
Gold:   361        SH:  0    Dex: 14    Spells: 7/33 levels left

rFire   . . .        B - +5 woodcutter's axe
rCold   . . .        (shield currently unavailable)
rNeg    . . .        b - +0 robe
rPois   .            x - +2 hat {Will+}
rElec   .            (no cloak)
rCorr   .            (no gloves)
SInv    .            (no boots)
Will    ++...        s - amulet of magic regeneration
Stlth   ++           (no ring)
HPRegen 0.29/turn    (no ring)
MPRegen 0.61/turn

%: no passive effects
@: spiked, on blink cooldown
A: no striking features
a: Renounce Religion


You were on level 7 of the Dungeon.
You worshipped Vehumet.
Vehumet was aware of your devotion.
You visited 2 branches of the dungeon, and saw 8 of its levels.
You also visited: Sewer.

You collected 361 gold pieces.

Inventory:

Hand Weapons
 B - the +5 woodcutter's axe (weapon)
   (You took it off an orc warrior on level 6 of the Dungeon)
Armour
 b - a +0 robe (worn)
 e - a +1 ring mail of fire resistance
 x - a +2 hat of willpower (worn)
Magical Staves
 h - a staff of death
 t - a staff of conjuration
Jewellery
 s - an amulet of magic regeneration (around neck)
 D - a ring of ice
Wands
 a - a wand of charming (19)
 k - a wand of roots (6)
 y - a wand of flame (12)
Scrolls
 c - a scroll of amnesia {unknown}
 f - 6 scrolls of teleportation {unknown}
 g - a scroll of blinking {unknown}
 j - a scroll of revelation {unknown}
 l - 3 scrolls of identify {unknown}
 n - 3 scrolls of poison {unknown}
 o - 2 scrolls of enchant armour {unknown}
 u - 2 scrolls of noise {unknown}
 w - a scroll of fear {unknown}
 C - a scroll of enchant weapon {unknown}
Potions
 d - 2 potions of magic
 i - 3 potions of heal wounds {unknown}
 m - 2 potions of might {unknown}
 p - 2 potions of attraction {unknown}
 q - 2 potions of brilliance {unknown}
 r - a potion of resistance {unknown}
 v - 2 potions of mutation {unknown}
 z - a potion of cancellation {unknown}
 A - a potion of lignification {unknown}
 E - a potion of degeneration {unknown}


   Skills:
 + Level 3.4 Fighting
 - Level 3.0 Armour
 - Level 3.0 Dodging
 - Level 3.0 Stealth
 * Level 12.1 Spellcasting
 + Level 8.2 Conjurations
 - Level 1.1 Summonings
 - Level 5.0 Necromancy
 - Level 1.1 Translocations
 - Level 1.2 Air Magic
 + Level 4.0 Earth Magic
 - Level 1.1 Poison Magic
 - Level 1.2 Evocations


You had 7 spell levels left.
You knew the following spells:

 Your Spells              Type           Power      Damage    Failure   Level
a - Magic Dart            Conj           100%       1d8       1%          1
b - Mephitic Cloud        Conj/Pois/Air  31%        N/A       3%          3
c - Call Imp              Summ           38%        N/A       4%          2
d - Blink                 Tloc           38%        N/A       4%          2
e - Iskenderun's Battles  Conj           52%        2d10      4%          5
f - Bombard               Conj/Erth      21%        9d4       47%         6
g - Orb of Destruction    Conj           26%        9d9       77%         7

Your spell library contained the following spells:

 Spells                   Type           Power      Damage    Failure   Level
 Kiss of Death            Conj/Necr      100%       2d13      1%          1
 Sublimation of Blood     Necr           38%        N/A       1%          2
 Stone Arrow              Conj/Erth      86%        3d12      1%          3
 Cigotuvi's Dreadful Rot  Necr/Pois/Air  52%        N/A       2%          2
 Freeze                   Ice            56%        1d7       4%          1
 Slow                     Hex            56%        N/A       4%          1
 Ensorcelled Hibernation  Hex/Ice        28%        N/A       6%          2
 Wereblood                Tmut           14%        N/A       6%          2
 Iskenderun's Mystic Bla  Conj/Tloc      36%        2d9       6%          4
 Gell's Gravitas          Tloc           19%        N/A       9%          3
 Teleport Other           Tloc           19%        N/A       9%          3
 Summon Guardian Golem    Hex/Summ       17%        N/A       11%         3
 Tukima's Dance           Hex            14%        N/A       13%         3
 Animate Armour           Summ/Erth      52%        N/A       14%         4
 Manifold Assault         Tloc           19%        N/A       26%         4
 Dimensional Bullseye     Hex/Tloc       8%         N/A       34%         4
 Dispersal                Tloc           9%         N/A       99%         6
 Spellforged Servitor     Conj/Summ      18%        N/A       99%         7
 Summon Hydra             Summ           9%         N/A       100%        7
 Lehudib's Crystal Spear  Conj/Erth      21%        10d6      100%        8


Dungeon Overview and Level Annotations

Branches:
Dungeon (7/15)             Temple (1/1) D:7           Sewer (visited)

Altars:
Ashenzari
Cheibriados
Dithmenos
Elyvilon
Fedhas
Gozag
Hepliaklqana
Kikubaaqudgha
Makhleb
Nemelex Xobeh
Okawaru
Qazlal
Ru
Sif Muna
Trog
Uskayaw
Vehumet
Wu Jian
Xom
Zin

Shops:
D:2 =   D:4 =   D:6 [


Message History

The magic dart hits the manticore.
The manticore is heavily wounded.
A barrage of energy appears from out of your range of vision.
The barrage of energy hits the manticore.
The manticore is heavily wounded.
The orc priest invokes the aid of Beogh against you.
Beogh smites you!
Casting: Magic Dart (safe; 1% risk of failure)
Confirm with . or Enter, or press ? or * to list all spells.
Aiming: Magic Dart (safe; 1% risk of failure)
Press: ? - help, Shift-Dir - straight line, f/p - manticore
Aim: a manticore (heavily wounded, confused, 100% to hit)
The magic dart hits the manticore.
The manticore is severely wounded.
Your battlesphere fires!
The barrage of energy hits the orc priest!
The orc priest is almost dead.
A howler monkey comes into view.
Casting: Magic Dart (safe; 1% risk of failure)
Confirm with . or Enter, or press ? or * to list all spells.
Aiming: Magic Dart (safe; 1% risk of failure)
Press: ? - help, Shift-Dir - straight line, f/p - manticore
Aim: a manticore (severely wounded, confused, 100% to hit)
The magic dart hits the manticore!
The manticore is severely wounded.
Your battlesphere fires!
The barrage of energy hits the manticore!
The manticore is almost dead.
Your battlesphere expends the last of its energy and dissipates.
The manticore bites you but does no damage.
The manticore claws you! x2
* * * LOW HITPOINT WARNING * * *
Unknown command.
Casting: Magic Dart (safe; 1% risk of failure)
Confirm with . or Enter, or press ? or * to list all spells.
You blink.
The manticore seems less confused.
The manticore flicks its tail.
The volley of spikes hits you!
The barbed spikes become lodged in your body.
You die...

...#...##..)#....###..####.##.##.
..##...##.#....####.#.#.#####.##.
..##...##....####..#..#...####.#.
..##...##..####..#)#.##.#...##.#.
.......######..#...#.#..###...##.
.......# #..#...#.#.#.##...####.
..####.##..#§Ho#...#.#..#.### #.
..##...####..#..h#.#....### #.
..........###..#@..#..### #.
............###..#.#### #.
..........#...###..# #.
..##......#.....###. #.
..##......#.......#### #.
...#.....^#.....#....### #.
...#......+.....+......### #.
...#......#.....#........### #.
####'##+###.....#....##....#####.


You could see a manticore, a howler monkey and an orc priest.

Vanquished Creatures
  Pikel (D:5)
  The ghost of scionoferis the Cleaver, a novice MiCK of Xom (D:6)
  Grinder (D:5)
  Sigmund (D:2)
  A steam dragon (D:7)
  A water moccasin (D:7)
  4 ice beasts
  3 orc warriors
  Pargi (Sewer)
  A black bear (D:6)
  2 sky beasts
  4 ogres
  2 centaurs (D:7)
  A lemure (D:5)
  A kobold brigand (D:7)
  4 bullfrogs
  2 scorpions
  3 howler monkeys
  2 hounds
  An orc priest (D:7)
  3 jellies
  2 iguanas
  4 orc wizards
  4 gnolls
  7 adders
  A shadow imp (D:7)
  4 ufetubi
  3 dart slugs
  23 orcs
  8 bats
  7 endoplasms
  9 giant cockroaches
  17 goblins
  6 hobgoblins
  5 jackals
  5 quokkas
  9 ball pythons
  3 frilled lizards
  10 kobolds
  4 rats
171 creatures vanquished.

Vanquished Creatures (collateral kills)
  A sleepcap (D:3)
1 creature vanquished.

Grand Total: 172 creatures vanquished

Notes
Turn   | Place    | Note
-------+----------+-------------------------------------------
     0 | D:1      | pokeman the Deep Elf Hedge Wizard began the quest for the
                  | Orb.
     0 | D:1      | Reached XP level 1. HP: 10/10 MP: 7/7
   201 | D:1      | Reached XP level 2. HP: 15/15 MP: 6/9
   865 | D:1      | Reached skill level 5 in Spellcasting
  1146 | D:1      | Reached XP level 3. HP: 14/20 MP: 6/11
  1201 | D:1      | Learned a level 3 spell: Mephitic Cloud
  1204 | D:1      | Learned a level 2 spell: Call Imp
  1207 | D:1      | Learned a level 2 spell: Blink
  1516 | D:2      | Found Xoyrien's Jewellery Shop.
  1608 | D:2      | Reached skill level 1 in Armour
  1747 | D:2      | Reached skill level 1 in Fighting
  1753 | D:2      | Reached XP level 4. HP: 13/25 MP: 1/13
  1854 | D:2      | Noticed Sigmund
  1865 | D:2      | Killed Sigmund
  1866 | D:2      | Reached skill level 5 in Conjurations
  1866 | D:2      | Reached XP level 5. HP: 23/29 MP: 3/15
  2297 | D:2      | Reached XP level 6. HP: 26/34 MP: 9/16
  2501 | D:3      | Found a blossoming altar of Fedhas.
  2988 | D:3      | Reached skill level 6 in Spellcasting
  3365 | D:4      | Found Vodonufy's One-of-a-Kind Rings.
  3677 | D:4      | Reached skill level 1 in Necromancy
  3678 | D:4      | Found a glowing drain.
  3688 | D:4      | Reached skill level 1 in Air Magic
  3704 | Sewer    | Entered a sewer
  3759 | Sewer    | Noticed Pargi
  3777 | Sewer    | Killed Pargi
  3778 | Sewer    | Reached skill level 1 in Poison Magic
  3778 | Sewer    | Reached skill level 1 in Evocations
  3778 | Sewer    | Reached XP level 7. HP: 27/38 MP: 13/18
  4294 | D:5      | Entered Level 5 of the Dungeon
  4330 | D:5      | Reached skill level 7 in Spellcasting
  4375 | D:5      | Noticed Grinder
  4810 | D:5      | Reached skill level 8 in Spellcasting
  4810 | D:5      | Reached XP level 8. HP: 44/44 MP: 15/22
  4866 | D:5      | Killed Grinder
  5202 | D:5      | Noticed Pikel
  5237 | D:5      | Killed Pikel
  5238 | D:5      | Reached skill level 9 in Spellcasting
  5597 | D:5      | Found a hide-covered altar of Uskayaw.
  5603 | D:5      | Found a shadowy altar of Dithmenos.
  5608 | D:5      | Found a sparkling altar of Nemelex Xobeh.
  5665 | D:5      | Found a bloodstained altar of Trog.
  5702 | D:5      | Learned a level 5 spell: Iskenderun's Battlesphere
  5709 | D:5      | Learned a level 6 spell: Bombard
  5868 | D:5      | Found a white marble altar of Elyvilon.
  5869 | D:5      | Found a glowing silver altar of Zin.
  5869 | D:5      | Found an iron altar of Okawaru.
  5870 | D:5      | Found an ancient bone altar of Kikubaaqudgha.
  6199 | D:5      | Learned a level 7 spell: Orb of Destruction
  6393 | D:6      | Reached skill level 10 in Spellcasting
  6393 | D:6      | Reached XP level 9. HP: 48/48 MP: 15/25
  6396 | D:6      | Reached skill level 1 in Earth Magic
  6471 | D:6      | Reached skill level 5 in Necromancy
  6542 | D:6      | Found a runed translucent door.
  6547 | D:6      | Noticed scionoferis's ghost (novice MiCK)
  6656 | D:6      | Found Kinierud's Armour Emporium.
  6867 | D:6      | Killed scionoferis's ghost
  6987 | D:7      | Identified the of Kivajum
  6987 | D:7      | Identified the "Dugofung"
  6997 | D:7      | Found a staircase to the Ecumenical Temple.
  7005 | Temple   | Found a transporter.
  7005 | Temple   | Found a transporter.
  7005 | Temple   | Found a transporter.
  7005 | Temple   | Found a transporter.
  7005 | Temple   | Entered the Ecumenical Temple
  7023 | Temple   | Became a worshipper of Vehumet
  7259 | D:7      | Reached skill level 11 in Spellcasting
  7813 | D:7      | Reached * piety under Vehumet
  7813 | D:7      | Offered knowledge of Kiss of Death by Vehumet.
  8207 | D:7      | Reached skill level 12 in Spellcasting
  8207 | D:7      | Reached XP level 10. HP: 47/56 MP: 20/28
  8255 | D:7      | Noticed a manticore
  8263 | D:7      | Killed from afar by a manticore

Illustrated notes

Levels and vault maps discovered:
D:1:      ncdulo_halloftheorcs, layout_basic, chequers_serial_rivers_marsh
D:2:      layout_basic, serial_shops, nicolae_shop_real_fake_doors,
          nicolae_elevator_lobby_asterisk, uniq_sigmund
D:3:      layout_basic, mainiacjoe_overflow_surrounded_room
D:4:      layout_basic, gup_sewer_entry_pipe, nicolae_shop_unique_rings
D:5:      layout_basic, minitemple, minmay_overflow_temple_star_quad,
          old_standard_altar, minmay_misc_feat_hallway, minmay_ogre_servants,
          uniq_pikel, uniq_grinder
D:6:      layout_rooms, ebering_ghost_reflecting_pool, serial_shops, shop,
          hangedman_abyss_or_decor_stagger, nicolae_hexahallways
D:7:      minmay_the_grid_triangle_9x9_rhombus_full
          [minmay_the_grid_triangle_9x9_swiss_cheese,
          minmay_the_grid_triangle_9x9_impossible_snake,
          minmay_the_grid_triangle_9x9_minimal,
          minmay_the_grid_triangle_9x9_windchime,
          minmay_the_grid_triangle_9x9_negative_grid,
          minmay_the_grid_triangle_9x9_sparse_checkered,
          minmay_the_grid_triangle_9x9_corrupted_corridor,
          minmay_the_grid_triangle_9x9_prize_insulated], layout_gridville,
          minmay_temple_entry_large_hall
Temple:   hellmonk_temple_divided_pantheon

Skill      XL: |  1  2  3  4  5  6  7  8  9 10 |
---------------+-------------------------------+-----
Spellcasting   | 5 6 8 10 12 | 12.1
Armour         | 1 2 3 |  3.0
Conjurations   | 2 5 6 7 8 |  8.2
Fighting       | 1 2 3 |  3.4
Stealth        | 3 |  3.0
Dodging        | 3 |  3.0
Necromancy     | 1 2 4 5 |  5.0
Air Magic      | 1 |  1.2
Poison Magic   | 1 |  1.1
Evocations     | 1 |  1.2
Earth Magic    | 3 4 |  4.0
Summonings     | |  1.1
Translocations | |  1.1

Action                     |  1- 3 |  4- 6 |  7- 9 | 10-12 || total
---------------------------+-------+-------+-------+-------++-------
  Melee: Dagger            |     6 |    20 |    52 |       ||    78
         Punch             |       |       |     2 |       ||     2
         Battleaxe         |       |       |     3 |       ||     3
   Fire: Sling             |       |       |    14 |       ||    14
   Cast: Magic Dart        |    88 |   127 |   216 |    12 ||   443
         Mephitic Cloud    |     1 |     4 |    11 |     1 ||    17
         Call Imp          |     1 |     2 |    11 |       ||    14
         Iskenderun's Batt |       |       |    18 |     1 ||    19
         Blink             |       |       |     3 |     1 ||     4
  Evoke: Wand              |       |       |     2 |       ||     2
   Stab: Confused          |       |     6 |     6 |       ||    12
 Armour: Robe              |     7 |    32 |    73 |    10 ||   122
  Dodge: Dodged            |     9 |    45 |    79 |     2 ||   135

Table legend: (Time is in decaauts)
 A = Elapsed time spent in this place.
 B = Non-inter-level travel time spent in this place.
 C = Inter-level travel time spent in this place.
 D = Time resting spent in this place.
 E = Time spent auto-exploring this place.
 F = Levels seen in this place.
 G = Mean time per level.
                   A        B        C        D        E       F      G
               +--------+--------+--------+--------+--------+-----+--------+
         Total |   8285 |   7894 |    391 |    186 |   6210 |   9 |  920.6 |
       Dungeon |   8049 |   7667 |    382 |    186 |   6080 |   7 | 1149.9 |
        Temple |     46 |     37 |      9 |      0 |      0 |   1 |   46.0 |
         Sewer |    189 |    189 |      0 |      0 |    129 |   1 |  189.0 |
               +--------+--------+--------+--------+--------+-----+--------+

Top non-repeatable levels by time:
     D:5: 1741 daAuts
     D:1: 1417 daAuts
     D:7: 1229 daAuts
     D:2: 1047 daAuts
     D:4: 973 daAuts
     D:3: 853 daAuts
     D:6: 786 daAuts
   Sewer: 189 daAuts
  Temple: 46 daAuts
